Niagara IceDogs vs Erie Otters
Created - Monday, May 15, 2023 at 07:00
Goals
|
| Niagara IceDogs |
3 |
3 |
3 |
9 |
| Erie Otters |
2 |
2 |
2 |
6 |
|
Shots
|
| Niagara IceDogs |
21 |
10 |
17 |
48 |
| Erie Otters |
12 |
22 |
16 |
50 |
|
1st period
1. Niagara IceDogs , Joachim Blichfeld 29 (Vasili Ponomarev 32) at 8:36
2. Niagara IceDogs , Arttu Ruotsalainen 29 (Ian Mitchell 30, Jonatan Berggren 38) at 10:41 (PP)
3. Erie Otters , Andy Andreoff 17 (Alex Biega 14, Sampo Ranta 30) at 10:58
4. Niagara IceDogs , Jonatan Berggren 21 (Aliaksei Protas 32, Ian Mitchell 31) at 16:29
5. Erie Otters , Alex Newhook 25 (Paul Cotter 22) at 16:53
Penalties :
Alex Whelan (NID) for Slashing (Minor) at 1:08, Alec McCrea (ERO) for Fighting (Major) at 10:00, Alex Whelan (NID) for Fighting (Major) at 10:00, Alec McCrea (ERO) for instigated a fight (Minor) at 10:00, Alec McCrea (ERO) for instigated a fight (10 Minutes Misconduct) at 10:00, Trent Frederic (ERO) for Fighting (Major) at 11:54, Joseph Duszak (NID) for Fighting (Major) at 11:54, Aaron Ness (ERO) for Fighting (Major) at 18:07, Joachim Blichfeld (NID) for Fighting (Major) at 18:07, Michael Eyssimont (ERO) for Holding (Minor) at 19:10
2nd period
6. Erie Otters , Alex Newhook 26 (Andy Andreoff 52, Aaron Ness 9) at 3:58
7. Niagara IceDogs , Arttu Ruotsalainen 30 (Aliaksei Protas 33, Jonatan Berggren 39) at 5:04
8. Niagara IceDogs , Aliaksei Protas 24 (Arttu Ruotsalainen 46) at 9:14 (PP)
9. Erie Otters , Alex Newhook 27 (Trent Frederic 27, Alex Biega 15) at 15:53 (SH)
10. Niagara IceDogs , Jayden Halbgewachs 26 (Chase Pearson 21) at 18:40
Penalties :
Alex Whelan (NID) for Tripping (Minor) at 6:34, Alex Gallant (ERO) for Hooking (Minor) at 9:08, Aaron Luchuk (ERO) for Fighting (Major) at 12:21, John Ludvig (NID) for Fighting (Major) at 12:21, Alex-Olivier Voyer (ERO) for Roughing (Minor) at 14:44, Alex Gallant (ERO) for Hooking (Minor) at 19:16
3rd period
11. Niagara IceDogs , Jonatan Berggren 22 (Arttu Ruotsalainen 47, John Ludvig 10) at 0:40 (PP)
12. Erie Otters , Alex Gallant 5 (Alex Petrovic 14, Ty Ronning 11) at 3:59
13. Niagara IceDogs , Arttu Ruotsalainen 31 (Filip Kral 11, Alex Whelan 17) at 8:11
14. Erie Otters , Alex Gallant 6 (Ty Ronning 12, Alex Biega 16) at 16:31
15. Niagara IceDogs , Arttu Ruotsalainen 32 (Aliaksei Protas 34, Nicholas Robertson 8) at 17:49
Penalties :
Aaron Luchuk (ERO) for Fighting (Major) at 2:39, Chase Pearson (NID) for Fighting (Major) at 2:39, Alex-Olivier Voyer (ERO) for Holding (Minor) at 4:51, Kevin Davis (ERO) for Fighting (Major) at 7:05, Jayden Halbgewachs (NID) for Fighting (Major) at 7:05, Andy Andreoff (ERO) for Fighting (Major) at 8:44, John Ludvig (NID) for Fighting (Major) at 8:44, Andy Andreoff (ERO) for instigated a fight (Minor) at 8:44, Andy Andreoff (ERO) for instigated a fight (10 Minutes Misconduct) at 8:44, Jonatan Berggren (NID) for Interference (Minor) at 19:40
Goalie Stats
Michael Dipietro (NID), 44 saves from 50 shots - (0.880), W, 1-1-0, 60:00 minutes
Keith Kinkaid (ERO), 39 saves from 48 shots - (0.813), L, 13-13-6, 60:00 minutes
Players Stats for Niagara IceDogs
Player Name G A P +/- PIM S H SB GA TA FO MP PP MP PK MP
------------------------------------------------------------------------------------
Alex Whelan 0 1 1 2 9 0 1 0 0 0 0/1 11:15 0:10 0:00
Aliaksei Protas 1 3 4 -1 0 3 2 2 0 0 2/2 20:16 5:14 1:47
Anthony Angello 0 0 0 -1 0 1 0 0 0 0 0/0 17:27 4:43 0:00
Arttu Ruotsalainen 4 2 6 0 0 8 3 3 0 0 13/28 21:22 5:14 1:47
Chase Pearson 0 1 1 1 5 2 2 0 1 0 2/3 10:23 0:11 0:00
Conor Timmins 0 0 0 0 0 3 2 1 1 2 0/0 24:41 4:50 1:28
Filip Kral 0 1 1 0 0 3 2 2 0 0 0/0 18:51 1:49 0:35
Ian Mitchell 0 2 2 -1 0 2 1 2 1 2 0/0 24:59 4:50 1:28
James Hamblin 0 0 0 1 0 3 1 1 1 1 3/3 10:57 0:00 0:55
Jayden Halbgewachs 1 0 1 1 5 1 1 1 0 1 3/6 11:23 1:13 0:00
Joachim Blichfeld 1 0 1 -1 5 5 1 1 3 2 0/1 18:02 3:35 2:06
Johannes Kinnvall 0 0 0 1 0 4 1 1 0 0 0/0 14:34 0:00 0:35
John Ludvig 0 1 1 0 10 0 0 4 0 1 0/0 17:04 3:28 2:14
Jonatan Berggren 2 2 4 -1 2 6 3 0 2 0 0/1 20:25 5:14 1:41
Joseph Duszak 0 0 0 0 5 0 0 2 0 1 0/0 19:48 5:17 2:14
Nicholas Robertson 0 1 1 0 0 2 1 0 0 0 0/0 8:39 0:03 0:18
Tim Soderlund 0 0 0 0 0 1 0 0 0 1 0/0 7:59 0:00 0:00
Vasili Ponomarev 0 1 1 -1 0 4 1 0 1 0 17/25 17:28 4:44 0:00
Players Stats for Erie Otters
Player Name G A P +/- PIM S H SB GA TA FO MP PP MP PK MP
------------------------------------------------------------------------------------
Aaron Luchuk 0 0 0 1 10 1 1 1 0 0 8/12 10:02 0:00 0:43
Aaron Ness 0 1 1 0 5 1 2 3 1 1 0/0 22:57 2:31 3:26
Abbott Girduckis 0 0 0 -2 0 1 0 0 0 0 1/3 8:02 0:30 0:00
Adam Brubacher 0 0 0 -3 0 1 2 0 0 3 0/0 9:22 0:00 0:00
Adam Clendening 0 0 0 1 0 4 3 2 0 0 0/0 24:22 1:46 5:31
Alec McCrea 0 0 0 -1 17 1 1 2 0 1 0/0 9:32 0:00 0:00
Alex Biega 0 3 3 1 0 7 2 3 0 0 0/0 24:17 1:46 5:31
Alex Gallant 2 0 2 2 4 3 1 0 1 0 0/0 11:09 0:00 0:00
Alex Newhook 3 0 3 2 0 7 3 1 0 1 10/31 20:11 1:45 4:48
Alex Petrovic 0 1 1 -2 0 1 2 5 1 0 0/0 23:23 2:31 4:36
Alex-Olivier Voyer 0 0 0 -1 4 1 1 0 1 1 2/4 10:48 0:35 0:00
Andy Andreoff 1 1 2 -1 17 4 0 1 1 0 8/16 17:21 1:57 4:15
Kevin Davis 0 0 0 2 5 0 1 0 0 0 0/0 13:11 0:00 1:10
Michael Eyssimont 0 0 0 -2 2 5 5 0 0 0 0/0 15:42 1:57 0:21
Paul Cotter 0 1 1 1 0 0 1 2 1 0 1/1 20:27 1:47 5:11
Sampo Ranta 0 1 1 -2 0 3 2 0 1 1 0/0 15:42 1:57 0:21
Trent Frederic 0 1 1 2 5 4 2 0 1 1 0/1 18:28 1:45 4:35
Ty Ronning 0 2 2 1 0 6 2 1 3 1 0/2 14:45 0:38 0:00
3 Stars
1 - Arttu Ruotsalainen (NID)
2 - Alex Newhook (ERO)
3 - Jonatan Berggren (NID)
Power Play
Niagara IceDogs - 3 on 7 Attempt(s) - 42.86%
Erie Otters - 0 on 3 Attempt(s) - 0.00%
Penalty Kill
Niagara IceDogs - 3 on 3 Attempt(s) - 100.00%
- Score 0 goal in Penalty Kill
Erie Otters - 4 on 7 Attempt(s) - 57.14%
- Score 1 goal in Penalty Kill
Team Stat
Niagara IceDogs - Hits : 22 - Faceoff Wins : 40 - Blocked Shots : 20 - Penalty Minutes : 41
Erie Otters - Hits : 31 - Faceoff Wins : 30 - Blocked Shots : 21 - Penalty Minutes : 69
Official
Referees : Dan O'Halloran and Kendrick Nicholson
Linesman : Trent Knorr and Scott Cherrey
Game Notes
Alex Whelan beats up Alec McCrea at 10:00 of 1st period
Trent Frederic beats up Joseph Duszak at 11:54 of 1st period
Aaron Ness beats up Joachim Blichfeld at 18:07 of 1st period
Aaron Luchuk beats up John Ludvig at 12:21 of 2nd period
Alex Newhook has scored a Hat Trick!
Chase Pearson beats up Aaron Luchuk at 2:39 of 3rd period
3:59 of 3rd period - Erie Otters goal is going for a video replay. After video review, Goal.
Kevin Davis beats up Jayden Halbgewachs at 7:05 of 3rd period
Arttu Ruotsalainen has scored a Hat Trick!
John Ludvig beats up Andy Andreoff at 8:44 of 3rd period
Niagara IceDogs
5 vs 5 Forward
Center Left Wing Right Wing Time % Phy DF OF
1 Arttu Ruotsalainen Aliaksei Protas Jonatan Berggren 30 1 2 2
2 Vasili Ponomarev Joachim Blichfeld Anthony Angello 30 1 2 2
3 Jayden Halbgewachs Chase Pearson Alex Whelan 25 1 2 2
4 James Hamblin Nicholas Robertson Tim Soderlund 15 1 2 2
5 vs 5 Defense
Defense Defense Time % Phy DF OF
1 Ian Mitchell Conor Timmins 30 1 2 2
2 John Ludvig Joseph Duszak 30 1 2 2
3 Filip Kral Johannes Kinnvall 25 1 2 2
4 Ian Mitchell Conor Timmins 15 1 2 2
PowerPlay Forward
Center Left Wing Right Wing Time % Phy DF OF
1 Arttu Ruotsalainen Aliaksei Protas Jonatan Berggren 50 1 2 2
2 Vasili Ponomarev Joachim Blichfeld Anthony Angello 50 1 2 2
PowerPlay Defense
Defense Defense Time % Phy DF OF
1 Ian Mitchell Conor Timmins 50 1 2 2
2 John Ludvig Joseph Duszak 50 1 2 2
Penalty Kill 4 Players Forward
Center Wing Time % Phy DF OF
1 Arttu Ruotsalainen Aliaksei Protas 50 1 2 2
2 Jonatan Berggren Joachim Blichfeld 50 1 2 2
Penalty Kill 4 Players Defense
Defense Defense Time % Phy DF OF
1 Ian Mitchell Conor Timmins 50 1 2 2
2 John Ludvig Joseph Duszak 50 1 2 2
Penalty Kill - 3 Players Forward
Forward Time % Phy DF OF
1 Arttu Ruotsalainen 50 1 2 2
2 Aliaksei Protas 50 1 2 2
Penalty Kill - 3 Players Defense
Defense Defense Time % Phy DF OF
1 Ian Mitchell Conor Timmins 50 1 2 2
2 John Ludvig Joseph Duszak 50 1 2 2
4 vs 4 Forward
Center Wing Time % Phy DF OF
1 Arttu Ruotsalainen Aliaksei Protas 50 1 2 2
2 Jonatan Berggren Joachim Blichfeld 50 1 2 2
4 vs 4 Defense
Defense Defense Time % Phy DF OF
1 Ian Mitchell Conor Timmins 50 1 2 2
2 John Ludvig Joseph Duszak 50 1 2 2
Last Minutes Offensive
Center Left Wing Right Wing Defense Defense
Arttu Ruotsalainen Aliaksei Protas Jonatan Berggren Ian Mitchell Conor Timmins
Last Minutes Defensive
Center Left Wing Right Wing Defense Defense
Arttu Ruotsalainen Aliaksei Protas Jonatan Berggren Ian Mitchell Conor Timmins
Goaltenders
Starting : Michael Dipietro
Backup : Joseph Woll
Extra Forwards
Normal : Jayden Halbgewachs, Chase Pearson, James Hamblin - PP : Jayden Halbgewachs, Chase Pearson - PK : James Hamblin
Extra Defensemen
Normal : Filip Kral, Johannes Kinnvall, John Ludvig - PP : Filip Kral - PK : Johannes Kinnvall, John Ludvig
Penalty Shots
Arttu Ruotsalainen, Aliaksei Protas, Jonatan Berggren, Joachim Blichfeld, Vasili Ponomarev
Erie Otters
5 vs 5 Forward
Center Left Wing Right Wing Time % Phy DF OF
1 Alex Newhook Trent Frederic Paul Cotter 30 1 2 2
2 Andy Andreoff Michael Eyssimont Sampo Ranta 30 1 2 2
3 Aaron Luchuk Alex Gallant Ty Ronning 25 1 2 2
4 Abbott Girduckis Adam Brubacher Alex-Olivier Voyer 15 1 2 2
5 vs 5 Defense
Defense Defense Time % Phy DF OF
1 Adam Clendening Alex Biega 35 1 2 2
2 Aaron Ness Alex Petrovic 35 1 2 2
3 Alec McCrea Kevin Davis 30 1 2 2
4 Adam Clendening Alex Biega 0 1 2 2
PowerPlay Forward
Center Left Wing Right Wing Time % Phy DF OF
1 Alex Newhook Trent Frederic Paul Cotter 50 1 2 2
2 Andy Andreoff Michael Eyssimont Sampo Ranta 50 1 2 2
PowerPlay Defense
Defense Defense Time % Phy DF OF
1 Adam Clendening Alex Biega 50 1 2 2
2 Aaron Ness Alex Petrovic 50 1 2 2
Penalty Kill 4 Players Forward
Center Wing Time % Phy DF OF
1 Alex Newhook Trent Frederic 50 1 2 2
2 Andy Andreoff Paul Cotter 50 1 2 2
Penalty Kill 4 Players Defense
Defense Defense Time % Phy DF OF
1 Adam Clendening Alex Biega 50 1 2 2
2 Aaron Ness Alex Petrovic 50 1 2 2
Penalty Kill - 3 Players Forward
Forward Time % Phy DF OF
1 Alex Newhook 50 1 2 2
2 Trent Frederic 50 1 2 2
Penalty Kill - 3 Players Defense
Defense Defense Time % Phy DF OF
1 Adam Clendening Alex Biega 50 1 2 2
2 Aaron Ness Alex Petrovic 50 1 2 2
4 vs 4 Forward
Center Wing Time % Phy DF OF
1 Alex Newhook Trent Frederic 50 1 2 2
2 Andy Andreoff Paul Cotter 50 1 2 2
4 vs 4 Defense
Defense Defense Time % Phy DF OF
1 Adam Clendening Alex Biega 50 1 2 2
2 Aaron Ness Alex Petrovic 50 1 2 2
Last Minutes Offensive
Center Left Wing Right Wing Defense Defense
Alex Newhook Trent Frederic Paul Cotter Adam Clendening Alex Biega
Last Minutes Defensive
Center Left Wing Right Wing Defense Defense
Alex Newhook Trent Frederic Paul Cotter Adam Clendening Alex Biega
Goaltenders
Starting : Keith Kinkaid
Backup : Adam Werner
Extra Forwards
Normal : Ty Ronning, Alex-Olivier Voyer, Aaron Luchuk - PP : Ty Ronning, Alex-Olivier Voyer - PK : Aaron Luchuk
Extra Defensemen
Normal : Aaron Ness, Kevin Davis, Adam Brubacher - PP : Aaron Ness - PK : Kevin Davis, Adam Brubacher
Penalty Shots
Alex Newhook, Trent Frederic, Andy Andreoff, Paul Cotter, Michael Eyssimont
% Time on Ice - Niagara IceDogs
Lines # - Real PCT - Wanted PCT - Time Play
Normal Forward
1 - 29% - 30% - 13:12
2 - 29% - 30% - 13:13
3 - 25% - 25% - 11:12
4 - 18% - 15% - 7:59
Normal Defense
1 - 30% - 30% - 13:43
2 - 32% - 30% - 14:30
3 - 26% - 25% - 12:03
4 - 12% - 15% - 5:20
PP Forward
1 - 52% - 50% - 5:17
2 - 48% - 50% - 4:50
PP Defense
1 - 48% - 50% - 4:50
2 - 52% - 50% - 5:17
PK Forward
1 - 47% - 50% - 2:02
2 - 53% - 50% - 2:15
PK Defense
1 - 40% - 50% - 1:42
2 - 60% - 50% - 2:35
PK3 Forward
1 - 0% - 50%
2 - 0% - 50%
PK3 Defense
1 - 0% - 50%
2 - 0% - 50%
44 Forward
1 - 0% - 50%
2 - 0% - 50%
44 Defense
1 - 0% - 50%
2 - 0% - 50%
Last Minute Offensive - 0:00
Last Minute Defensive - 0:00
Total
Forward - 60:00
Defense - 60:00
|
% Time on Ice - Erie Otters
Lines # - Real PCT - Wanted PCT - Time Play
Normal Forward
1 - 30% - 30% - 13:32
2 - 30% - 30% - 13:46
3 - 25% - 25% - 11:11
4 - 16% - 15% - 7:07
Normal Defense
1 - 35% - 35% - 16:08
2 - 34% - 35% - 15:36
3 - 30% - 30% - 13:52
4 - 0% - 0% - 0:00
PP Forward
1 - 45% - 50% - 1:55
2 - 55% - 50% - 2:22
PP Defense
1 - 41% - 50% - 1:46
2 - 59% - 50% - 2:31
PK Forward
1 - 45% - 50% - 4:35
2 - 55% - 50% - 5:32
PK Defense
1 - 55% - 50% - 5:31
2 - 45% - 50% - 4:36
PK3 Forward
1 - 0% - 50%
2 - 0% - 50%
PK3 Defense
1 - 0% - 50%
2 - 0% - 50%
44 Forward
1 - 0% - 50%
2 - 0% - 50%
44 Defense
1 - 0% - 50%
2 - 0% - 50%
Last Minute Offensive - 0:00
Last Minute Defensive - 0:00
Total
Forward - 60:00
Defense - 60:00
|
Play-by-Play
1st period
0:01 of 1st period - Arttu Ruotsalainen wins face-off versus Alex Newhook in neutral zone.
0:12 of 1st period - Wrist shot by Arttu Ruotsalainen.
0:12 of 1st period - Stopped by Keith Kinkaid with a rebound.
0:26 of 1st period - Vasili Ponomarev is hit by Adam Clendening and loses puck.
0:38 of 1st period - Wrist shot by Sampo Ranta.
0:38 of 1st period - Stopped by Michael Dipietro with a rebound.
1:08 of 1st period - Minor Penalty to Alex Whelan for Slashing.
1:09 of 1st period - Alex Newhook wins face-off versus Arttu Ruotsalainen in Niagara IceDogs zone.
1:10 of 1st period - Snap shot by Trent Frederic.
1:10 of 1st period - Shot Misses the Net.
1:12 of 1st period - Slapshot by Trent Frederic.
1:12 of 1st period - Shot Misses the Net.
1:14 of 1st period - Slapshot by Trent Frederic.
1:14 of 1st period - Shot Misses the Net.
1:16 of 1st period - Snap shot by Trent Frederic.
1:16 of 1st period - Shot Misses the Net.
1:18 of 1st period - Slapshot by Paul Cotter.
1:18 of 1st period - Shot Blocked by John Ludvig.
1:20 of 1st period - Snap shot by Paul Cotter.
1:20 of 1st period - Shot Blocked by John Ludvig.
1:22 of 1st period - Slapshot by Adam Clendening.
1:22 of 1st period - Shot Blocked by John Ludvig.
1:24 of 1st period - Slapshot by Alex Biega.
1:24 of 1st period - Shot Blocked by Arttu Ruotsalainen.
1:34 of 1st period - Aliaksei Protas is hit by Michael Eyssimont and loses puck.
3:08 of 1st period - Penalty to Alex Whelan is over, Alex Whelan is back on ice.
3:11 of 1st period - Jonatan Berggren is hit by Ty Ronning and loses puck.
3:34 of 1st period - Ty Ronning is hit by Jayden Halbgewachs and loses puck.
5:06 of 1st period - Ian Mitchell is hit by Alec McCrea and loses puck.
5:35 of 1st period - Ty Ronning is hit by Chase Pearson and loses puck.
5:48 of 1st period - Adam Clendening is hit by Nicholas Robertson and loses puck.
6:01 of 1st period - Conor Timmins is hit by Trent Frederic and loses puck.
6:14 of 1st period - Abbott Girduckis is hit by Joachim Blichfeld and loses puck.
6:21 of 1st period - Joachim Blichfeld is hit by Alex-Olivier Voyer and loses puck.
7:05 of 1st period - Conor Timmins is hit by Alex Newhook and loses puck.
7:24 of 1st period - Johannes Kinnvall is hit by Alex Petrovic and loses puck.
7:31 of 1st period - Alex Petrovic is hit by Arttu Ruotsalainen and loses puck.
7:38 of 1st period - Arttu Ruotsalainen is hit by Adam Brubacher and loses puck.
7:54 of 1st period - Andy Andreoff is hit by Jonatan Berggren and loses puck.
8:09 of 1st period - Icing by Aliaksei Protas.
8:10 of 1st period - Arttu Ruotsalainen wins face-off versus Aaron Luchuk in Niagara IceDogs zone.
8:15 of 1st period - Aaron Luchuk is hit by Filip Kral and loses puck.
8:26 of 1st period - Snap shot by Jonatan Berggren.
8:26 of 1st period - Stopped by Keith Kinkaid with a rebound.
8:28 of 1st period - Slapshot by Jonatan Berggren.
8:28 of 1st period - Deflect By Arttu Ruotsalainen.
8:28 of 1st period - Stopped by Keith Kinkaid without a rebound.
8:29 of 1st period - Vasili Ponomarev wins face-off versus Andy Andreoff in Erie Otters zone.
8:30 of 1st period - Wrist shot by Joachim Blichfeld.
8:30 of 1st period - Shot Misses the Net.
8:32 of 1st period - Slapshot by John Ludvig.
8:32 of 1st period - Deflect By Vasili Ponomarev.
8:32 of 1st period - Shot Misses the Net.
8:32 of 1st period - Puck is out of play.
8:33 of 1st period - Vasili Ponomarev wins face-off versus Andy Andreoff in Erie Otters zone.
8:36 of 1st period - Snap shot by Joachim Blichfeld.
8:36 of 1st period - Goal by Joachim Blichfeld - Niagara IceDogs : 1 - Erie Otters : 0.
8:37 of 1st period - Andy Andreoff wins face-off versus Vasili Ponomarev in neutral zone.
8:48 of 1st period - Snap shot by Michael Eyssimont.
8:48 of 1st period - Stopped by Michael Dipietro with a rebound.
8:50 of 1st period - Snap shot by Alex Petrovic.
8:50 of 1st period - Stopped by Michael Dipietro without a rebound.
8:51 of 1st period - Alex Newhook wins face-off versus Chase Pearson in Niagara IceDogs zone.
9:16 of 1st period - Anthony Angello is hit by Aaron Ness and loses puck.
9:25 of 1st period - Wrist shot by Joachim Blichfeld.
9:25 of 1st period - Shot Misses the Net.
9:27 of 1st period - Wrist shot by Joachim Blichfeld.
9:27 of 1st period - Shot Misses the Net.
9:41 of 1st period - Andy Andreoff is hit by Arttu Ruotsalainen and loses puck.
9:48 of 1st period - Snap shot by Aliaksei Protas.
9:48 of 1st period - Stopped by Keith Kinkaid without a rebound.
9:49 of 1st period - Alex Newhook wins face-off versus Alex Whelan in Erie Otters zone.
10:00 of 1st period - Alex Whelan beats up Alec McCrea.
10:00 of 1st period - Penalty to Alec McCrea for Fighting.
10:00 of 1st period - Penalty to Alex Whelan for Fighting.
10:00 of 1st period - Penalty to Alec McCrea for instigated a fight.
10:00 of 1st period - Penalty to Alec McCrea for instigated a fight.
10:01 of 1st period - Aliaksei Protas wins face-off versus Alex Newhook in Niagara IceDogs zone.
10:05 of 1st period - Off-side.
10:06 of 1st period - Aliaksei Protas wins face-off versus Alex Newhook in neutral zone.
10:39 of 1st period - Slapshot by Arttu Ruotsalainen.
10:39 of 1st period - Shot Blocked by Adam Clendening.
10:41 of 1st period - Slapshot by Ian Mitchell.
10:41 of 1st period - Deflect By Arttu Ruotsalainen.
10:41 of 1st period - Goal by Arttu Ruotsalainen - Niagara IceDogs : 2 - Erie Otters : 0.
10:42 of 1st period - Andy Andreoff wins face-off versus Vasili Ponomarev in neutral zone.
10:45 of 1st period - Slapshot by Sampo Ranta.
10:45 of 1st period - Shot Misses the Net.
10:47 of 1st period - Slapshot by Alex Biega.
10:47 of 1st period - Stopped by Michael Dipietro with a rebound.
10:49 of 1st period - Slapshot by Alex Biega.
10:49 of 1st period - Stopped by Michael Dipietro with a rebound.
10:54 of 1st period - Wrist shot by Andy Andreoff.
10:54 of 1st period - Shot Blocked by Johannes Kinnvall.
10:56 of 1st period - Wrist shot by Andy Andreoff.
10:56 of 1st period - Shot Misses the Net.
10:58 of 1st period - Wrist shot by Andy Andreoff.
10:58 of 1st period - Goal by Andy Andreoff - Niagara IceDogs : 2 - Erie Otters : 1.
10:59 of 1st period - Arttu Ruotsalainen wins face-off versus Alex Newhook in neutral zone.
11:24 of 1st period - Johannes Kinnvall is hit by Michael Eyssimont and loses puck.
11:45 of 1st period - Slapshot by Joachim Blichfeld.
11:45 of 1st period - Shot Misses the Net.
11:47 of 1st period - Wrist shot by Chase Pearson.
11:47 of 1st period - Shot Misses the Net.
11:49 of 1st period - Slapshot by Filip Kral.
11:49 of 1st period - Stopped by Keith Kinkaid with a rebound.
11:51 of 1st period - Slapshot by Filip Kral.
11:51 of 1st period - Deflect By Adam Clendening.
11:51 of 1st period - Stopped by Keith Kinkaid without a rebound.
11:52 of 1st period - Alex Newhook wins face-off versus Arttu Ruotsalainen in Erie Otters zone.
11:54 of 1st period - Trent Frederic beats up Joseph Duszak.
11:54 of 1st period - Penalty to Trent Frederic for Fighting.
11:54 of 1st period - Penalty to Joseph Duszak for Fighting.
11:55 of 1st period - Alex Newhook wins face-off versus Arttu Ruotsalainen in neutral zone.
12:20 of 1st period - Michael Eyssimont is hit by James Hamblin.
12:41 of 1st period - Slapshot by Alex-Olivier Voyer.
12:41 of 1st period - Deflect By Abbott Girduckis.
12:41 of 1st period - Stopped by Michael Dipietro without a rebound.
12:42 of 1st period - Abbott Girduckis wins face-off versus Vasili Ponomarev in Niagara IceDogs zone.
13:09 of 1st period - Wrist shot by Alex-Olivier Voyer.
13:09 of 1st period - Stopped by Michael Dipietro with a rebound.
13:31 of 1st period - Wrist shot by Vasili Ponomarev.
13:31 of 1st period - Shot Blocked by Aaron Ness.
13:33 of 1st period - Wrist shot by Joachim Blichfeld.
13:33 of 1st period - Stopped by Keith Kinkaid with a rebound.
13:35 of 1st period - Snap shot by Joachim Blichfeld.
13:35 of 1st period - Stopped by Keith Kinkaid with a rebound.
13:37 of 1st period - Wrist shot by Joachim Blichfeld.
13:37 of 1st period - Deflect By Alex-Olivier Voyer.
13:37 of 1st period - Stopped by Keith Kinkaid without a rebound.
13:38 of 1st period - Alex Newhook wins face-off versus Arttu Ruotsalainen in Erie Otters zone.
14:03 of 1st period - John Ludvig is hit by Michael Eyssimont and loses puck.
14:12 of 1st period - Wrist shot by Sampo Ranta.
14:12 of 1st period - Stopped by Michael Dipietro with a rebound.
14:48 of 1st period - Filip Kral is hit by Michael Eyssimont and loses puck.
15:01 of 1st period - Filip Kral is hit by Kevin Davis and loses puck.
15:16 of 1st period - Snap shot by Nicholas Robertson.
15:16 of 1st period - Stopped by Keith Kinkaid with a rebound.
15:18 of 1st period - Slapshot by Johannes Kinnvall.
15:18 of 1st period - Stopped by Keith Kinkaid with a rebound.
15:22 of 1st period - Snap shot by James Hamblin.
15:22 of 1st period - Stopped by Keith Kinkaid with a rebound.
15:38 of 1st period - Snap shot by Nicholas Robertson.
15:38 of 1st period - Deflect By James Hamblin.
15:38 of 1st period - Stopped by Keith Kinkaid with a rebound.
15:46 of 1st period - Adam Brubacher is hit by Filip Kral and loses puck.
15:55 of 1st period - Snap shot by James Hamblin.
15:55 of 1st period - Shot Misses the Net.
15:57 of 1st period - Wrist shot by James Hamblin.
15:57 of 1st period - Shot Misses the Net.
15:59 of 1st period - Slapshot by Filip Kral.
15:59 of 1st period - Shot Misses the Net.
16:01 of 1st period - Wrist shot by James Hamblin.
16:01 of 1st period - Shot Blocked by Alex Petrovic.
16:03 of 1st period - Wrist shot by Nicholas Robertson.
16:03 of 1st period - Stopped by Keith Kinkaid with a rebound.
16:05 of 1st period - Slapshot by Johannes Kinnvall.
16:05 of 1st period - Stopped by Keith Kinkaid with a rebound.
16:07 of 1st period - Backhand shot by Johannes Kinnvall.
16:07 of 1st period - Stopped by Keith Kinkaid with a rebound.
16:13 of 1st period - Wrist shot by James Hamblin.
16:13 of 1st period - Stopped by Keith Kinkaid without a rebound.
16:14 of 1st period - Arttu Ruotsalainen wins face-off versus Ty Ronning in Erie Otters zone.
16:29 of 1st period - Wrist shot by Aliaksei Protas.
16:29 of 1st period - Deflect By Jonatan Berggren.
16:29 of 1st period - Deflect By Alex Newhook.
16:29 of 1st period - Goal by Jonatan Berggren - Niagara IceDogs : 3 - Erie Otters : 1.
16:30 of 1st period - Aaron Luchuk wins face-off versus Jayden Halbgewachs in neutral zone.
16:35 of 1st period - Snap shot by Ty Ronning.
16:35 of 1st period - Stopped by Michael Dipietro with a rebound.
16:45 of 1st period - Snap shot by Ty Ronning.
16:45 of 1st period - Stopped by Michael Dipietro without a rebound.
16:46 of 1st period - Paul Cotter wins face-off versus Arttu Ruotsalainen in Niagara IceDogs zone.
16:53 of 1st period - Wrist shot by Alex Newhook.
16:53 of 1st period - Goal by Alex Newhook - Niagara IceDogs : 3 - Erie Otters : 2.
16:54 of 1st period - Alex Newhook wins face-off versus Arttu Ruotsalainen in neutral zone.
16:57 of 1st period - John Ludvig is hit by Alex Newhook and loses puck.
17:04 of 1st period - Wrist shot by Aliaksei Protas.
17:04 of 1st period - Shot Blocked by Paul Cotter.
17:34 of 1st period - Icing by John Ludvig.
17:35 of 1st period - Aaron Luchuk wins face-off versus Vasili Ponomarev in Niagara IceDogs zone.
18:07 of 1st period - Aaron Ness beats up Joachim Blichfeld.
18:07 of 1st period - Penalty to Aaron Ness for Fighting.
18:07 of 1st period - Penalty to Joachim Blichfeld for Fighting.
18:08 of 1st period - Aaron Luchuk wins face-off versus Jayden Halbgewachs in Erie Otters zone.
18:35 of 1st period - Aliaksei Protas is hit by Trent Frederic and loses puck.
19:00 of 1st period - Snap shot by Vasili Ponomarev.
19:00 of 1st period - Shot Misses the Net.
19:10 of 1st period - Minor Penalty to Michael Eyssimont for Holding.
19:11 of 1st period - Vasili Ponomarev wins face-off versus Andy Andreoff in Erie Otters zone.
19:36 of 1st period - Kevin Davis is hit by Arttu Ruotsalainen and loses puck.
19:41 of 1st period - Slapshot by Jonatan Berggren.
19:41 of 1st period - Stopped by Keith Kinkaid with a rebound.
19:43 of 1st period - Slapshot by Aliaksei Protas.
19:43 of 1st period - Shot Blocked by Alex Petrovic.
Goals for this period are 3 for Niagara IceDogs vs 2 for Erie Otters.
Shots for this period are 21 for Niagara IceDogs vs 12 for Erie Otters.
2nd period
0:01 of 2nd period - Vasili Ponomarev wins face-off versus Alex Newhook in neutral zone.
0:06 of 2nd period - Wrist shot by Jayden Halbgewachs.
0:06 of 2nd period - Shot Blocked by Alex Petrovic.
0:08 of 2nd period - Backhand shot by Jayden Halbgewachs.
0:08 of 2nd period - Shot Blocked by Alex Petrovic.
1:05 of 2nd period - Alex Biega is hit by Jonatan Berggren and loses puck.
1:10 of 2nd period - Penalty to Michael Eyssimont is over, Michael Eyssimont is back on ice.
1:16 of 2nd period - Alex Biega is hit by Ian Mitchell and loses puck.
1:27 of 2nd period - Slapshot by Ty Ronning.
1:27 of 2nd period - Stopped by Michael Dipietro with a rebound.
1:33 of 2nd period - Ty Ronning is hit by Conor Timmins and loses puck.
1:48 of 2nd period - Slapshot by James Hamblin.
1:48 of 2nd period - Shot Misses the Net.
1:50 of 2nd period - Slapshot by Conor Timmins.
1:50 of 2nd period - Deflect By James Hamblin.
1:50 of 2nd period - Shot Blocked by Ty Ronning.
1:50 of 2nd period - Puck is out of play.
1:51 of 2nd period - Jayden Halbgewachs wins face-off versus Abbott Girduckis in Erie Otters zone.
1:54 of 2nd period - Wrist shot by Chase Pearson.
1:54 of 2nd period - Shot Misses the Net.
3:21 of 2nd period - Snap shot by Anthony Angello.
3:21 of 2nd period - Shot Misses the Net.
3:56 of 2nd period - Snap shot by Andy Andreoff.
3:56 of 2nd period - Stopped by Michael Dipietro with a rebound.
3:58 of 2nd period - Wrist shot by Alex Newhook.
3:58 of 2nd period - Goal by Alex Newhook - Niagara IceDogs : 3 - Erie Otters : 3.
3:59 of 2nd period - Arttu Ruotsalainen wins face-off versus Alex Newhook in neutral zone.
4:04 of 2nd period - Wrist shot by Arttu Ruotsalainen.
4:04 of 2nd period - Shot Blocked by Alex Biega.
4:15 of 2nd period - Aliaksei Protas is hit by Alex Newhook and loses puck.
4:51 of 2nd period - Arttu Ruotsalainen is hit by Alex Petrovic and loses puck.
5:00 of 2nd period - 10 Minutes Misconduct Penalty to Alec McCrea is over.
5:04 of 2nd period - Wrist shot by Arttu Ruotsalainen.
5:04 of 2nd period - Goal by Arttu Ruotsalainen - Niagara IceDogs : 4 - Erie Otters : 3.
5:05 of 2nd period - Jayden Halbgewachs wins face-off versus Alex Newhook in neutral zone.
5:05 of 2nd period - Ian Mitchell is hit by Adam Clendening and loses puck.
5:12 of 2nd period - Wrist shot by Trent Frederic.
5:12 of 2nd period - Stopped by Michael Dipietro with a rebound.
5:14 of 2nd period - Slapshot by Adam Clendening.
5:14 of 2nd period - Deflect By Alex Newhook.
5:14 of 2nd period - Shot Blocked by Ian Mitchell.
5:14 of 2nd period - Puck is out of play.
5:15 of 2nd period - Chase Pearson wins face-off versus Alex Newhook in Niagara IceDogs zone.
5:15 of 2nd period - Chase Pearson is hit by Alex Biega.
5:47 of 2nd period - Wrist shot by Alex Newhook.
5:47 of 2nd period - Stopped by Michael Dipietro with a rebound.
5:49 of 2nd period - Wrist shot by Alex Newhook.
5:49 of 2nd period - Shot Misses the Net.
6:13 of 2nd period - Wrist shot by Trent Frederic.
6:13 of 2nd period - Shot Misses the Net.
6:15 of 2nd period - Slapshot by Adam Clendening.
6:15 of 2nd period - Deflect By Jayden Halbgewachs.
6:15 of 2nd period - Stopped by Michael Dipietro with a rebound.
6:17 of 2nd period - Snap shot by Trent Frederic.
6:17 of 2nd period - Stopped by Michael Dipietro with a rebound.
6:34 of 2nd period - Minor Penalty to Alex Whelan for Tripping.
6:35 of 2nd period - Andy Andreoff wins face-off versus Jonatan Berggren in Niagara IceDogs zone.
6:45 of 2nd period - Snap shot by Michael Eyssimont.
6:45 of 2nd period - Shot Blocked by Joachim Blichfeld.
6:47 of 2nd period - Wrist shot by Sampo Ranta.
6:47 of 2nd period - Shot Misses the Net.
6:49 of 2nd period - Snap shot by Michael Eyssimont.
6:49 of 2nd period - Shot Blocked by John Ludvig.
6:51 of 2nd period - Slapshot by Alex Petrovic.
6:51 of 2nd period - Shot Blocked by Joseph Duszak.
8:02 of 2nd period - Aliaksei Protas is hit by Ty Ronning and loses puck.
8:34 of 2nd period - Penalty to Alex Whelan is over, Alex Whelan is back on ice.
8:47 of 2nd period - Wrist shot by Ian Mitchell.
8:47 of 2nd period - Shot Hit the Post.
9:08 of 2nd period - Minor Penalty to Alex Gallant for Hooking.
9:09 of 2nd period - Arttu Ruotsalainen wins face-off versus Andy Andreoff in Erie Otters zone.
9:14 of 2nd period - Snap shot by Aliaksei Protas.
9:14 of 2nd period - Goal by Aliaksei Protas - Niagara IceDogs : 5 - Erie Otters : 3.
9:15 of 2nd period - Aaron Luchuk wins face-off versus Joachim Blichfeld in neutral zone.
9:25 of 2nd period - Off-side.
9:26 of 2nd period - Aaron Luchuk wins face-off versus Vasili Ponomarev in neutral zone.
10:05 of 2nd period - Snap shot by Ty Ronning.
10:05 of 2nd period - Stopped by Michael Dipietro without a rebound.
10:06 of 2nd period - Andy Andreoff wins face-off versus Arttu Ruotsalainen in Niagara IceDogs zone.
10:11 of 2nd period - Snap shot by Michael Eyssimont.
10:11 of 2nd period - Shot Misses the Net.
10:13 of 2nd period - Wrist shot by Sampo Ranta.
10:13 of 2nd period - Shot Blocked by Arttu Ruotsalainen.
10:15 of 2nd period - Wrist shot by Andy Andreoff.
10:15 of 2nd period - Shot Blocked by Arttu Ruotsalainen.
10:17 of 2nd period - Wrist shot by Alec McCrea.
10:17 of 2nd period - Stopped by Michael Dipietro with a rebound.
10:19 of 2nd period - Slapshot by Kevin Davis.
10:19 of 2nd period - Shot Blocked by Aliaksei Protas.
10:21 of 2nd period - Backhand shot by Andy Andreoff.
10:21 of 2nd period - Stopped by Michael Dipietro with a rebound.
10:42 of 2nd period - Snap shot by Arttu Ruotsalainen.
10:42 of 2nd period - Shot Blocked by Alec McCrea.
10:48 of 2nd period - Slapshot by Michael Eyssimont.
10:48 of 2nd period - Shot Misses the Net.
10:54 of 2nd period - Wrist shot by Andy Andreoff.
10:54 of 2nd period - Shot Blocked by Aliaksei Protas.
10:56 of 2nd period - Snap shot by Sampo Ranta.
10:56 of 2nd period - Shot Blocked by Ian Mitchell.
10:58 of 2nd period - Slapshot by Sampo Ranta.
10:58 of 2nd period - Stopped by Michael Dipietro without a rebound.
10:59 of 2nd period - Alex Newhook wins face-off versus Vasili Ponomarev in Niagara IceDogs zone.
11:24 of 2nd period - Aaron Luchuk is hit by Alex Whelan and loses puck.
11:31 of 2nd period - Slapshot by Aaron Ness.
11:31 of 2nd period - Shot Blocked by Jayden Halbgewachs.
11:33 of 2nd period - Snap shot by Alex Gallant.
11:33 of 2nd period - Stopped by Michael Dipietro with a rebound.
11:47 of 2nd period - Slapshot by Aaron Ness.
11:47 of 2nd period - Stopped by Michael Dipietro with a rebound.
11:49 of 2nd period - Slapshot by Alec McCrea.
11:49 of 2nd period - Shot Blocked by James Hamblin.
11:51 of 2nd period - Snap shot by Adam Brubacher.
11:51 of 2nd period - Stopped by Michael Dipietro with a rebound.
12:16 of 2nd period - Off-side.
12:17 of 2nd period - Jayden Halbgewachs wins face-off versus Aaron Luchuk in neutral zone.
12:21 of 2nd period - Aaron Luchuk beats up John Ludvig.
12:21 of 2nd period - Penalty to Aaron Luchuk for Fighting.
12:21 of 2nd period - Penalty to John Ludvig for Fighting.
12:22 of 2nd period - Alex Newhook wins face-off versus Vasili Ponomarev in Erie Otters zone.
12:29 of 2nd period - Snap shot by Alex Newhook.
12:29 of 2nd period - Stopped by Michael Dipietro with a rebound.
12:31 of 2nd period - Wrist shot by Alex Newhook.
12:31 of 2nd period - Shot Misses the Net.
12:33 of 2nd period - Slapshot by Alex Biega.
12:33 of 2nd period - Stopped by Michael Dipietro without a rebound.
12:34 of 2nd period - Andy Andreoff wins face-off versus Arttu Ruotsalainen in Niagara IceDogs zone.
12:41 of 2nd period - Backhand shot by Andy Andreoff.
12:41 of 2nd period - Shot Blocked by Conor Timmins.
13:01 of 2nd period - Alex Petrovic is hit by Vasili Ponomarev and loses puck.
13:32 of 2nd period - Slapshot by Alex Gallant.
13:32 of 2nd period - Shot Blocked by Joseph Duszak.
13:34 of 2nd period - Slapshot by Adam Clendening.
13:34 of 2nd period - Stopped by Michael Dipietro with a rebound.
14:26 of 2nd period - Icing by Ian Mitchell.
14:27 of 2nd period - Vasili Ponomarev wins face-off versus Abbott Girduckis in Niagara IceDogs zone.
14:44 of 2nd period - Minor Penalty to Alex-Olivier Voyer for Roughing.
14:45 of 2nd period - Vasili Ponomarev wins face-off versus Alex Newhook in Erie Otters zone.
14:54 of 2nd period - Icing by Ian Mitchell.
14:55 of 2nd period - Vasili Ponomarev wins face-off versus Alex Newhook in Niagara IceDogs zone.
15:15 of 2nd period - Off-side.
15:16 of 2nd period - Andy Andreoff wins face-off versus Arttu Ruotsalainen in neutral zone.
15:19 of 2nd period - Wrist shot by Andy Andreoff.
15:19 of 2nd period - Stopped by Michael Dipietro without a rebound.
15:20 of 2nd period - Andy Andreoff wins face-off versus Arttu Ruotsalainen in Niagara IceDogs zone.
15:25 of 2nd period - Wrist shot by Paul Cotter.
15:25 of 2nd period - Shot Blocked by Filip Kral.
15:53 of 2nd period - Slapshot by Alex Newhook.
15:53 of 2nd period - Goal by Alex Newhook - Niagara IceDogs : 5 - Erie Otters : 4.
15:54 of 2nd period - Vasili Ponomarev wins face-off versus Alex Newhook in neutral zone.
16:19 of 2nd period - Joseph Duszak is hit by Aaron Ness and loses puck.
16:30 of 2nd period - Snap shot by Jonatan Berggren.
16:30 of 2nd period - Stopped by Keith Kinkaid without a rebound.
16:31 of 2nd period - Vasili Ponomarev wins face-off versus Alex Newhook in Erie Otters zone.
16:36 of 2nd period - Wrist shot by Vasili Ponomarev.
16:36 of 2nd period - Stopped by Keith Kinkaid with a rebound.
16:44 of 2nd period - Penalty to Alex-Olivier Voyer is over, Alex-Olivier Voyer is back on ice.
17:04 of 2nd period - Michael Eyssimont is hit by Conor Timmins and loses puck.
17:19 of 2nd period - Slapshot by Ian Mitchell.
17:19 of 2nd period - Shot Blocked by Adam Clendening.
17:21 of 2nd period - Slapshot by Ian Mitchell.
17:21 of 2nd period - Shot Blocked by Andy Andreoff.
17:23 of 2nd period - Slapshot by Conor Timmins.
17:23 of 2nd period - Stopped by Keith Kinkaid with a rebound.
17:25 of 2nd period - Slapshot by Conor Timmins.
17:25 of 2nd period - Stopped by Keith Kinkaid with a rebound.
17:41 of 2nd period - Wrist shot by Alex Newhook.
17:41 of 2nd period - Stopped by Michael Dipietro with a rebound.
17:43 of 2nd period - Snap shot by Adam Clendening.
17:43 of 2nd period - Deflect By Johannes Kinnvall.
17:43 of 2nd period - Stopped by Michael Dipietro without a rebound.
17:44 of 2nd period - Vasili Ponomarev wins face-off versus Alex Newhook in Niagara IceDogs zone.
17:51 of 2nd period - Snap shot by Vasili Ponomarev.
17:51 of 2nd period - Stopped by Keith Kinkaid with a rebound.
18:19 of 2nd period - Aaron Ness is hit by Aliaksei Protas and loses puck.
18:36 of 2nd period - Slapshot by Chase Pearson.
18:36 of 2nd period - Stopped by Keith Kinkaid with a rebound.
18:38 of 2nd period - Wrist shot by Chase Pearson.
18:38 of 2nd period - Stopped by Keith Kinkaid with a rebound.
18:40 of 2nd period - Wrist shot by Jayden Halbgewachs.
18:40 of 2nd period - Goal by Jayden Halbgewachs - Niagara IceDogs : 6 - Erie Otters : 4.
18:41 of 2nd period - Vasili Ponomarev wins face-off versus Alex Newhook in neutral zone.
18:57 of 2nd period - Snap shot by Trent Frederic.
18:57 of 2nd period - Stopped by Michael Dipietro with a rebound.
19:16 of 2nd period - Minor Penalty to Alex Gallant for Hooking.
19:17 of 2nd period - Alex Newhook wins face-off versus Arttu Ruotsalainen in Erie Otters zone.
19:49 of 2nd period - Aaron Ness is hit by Aliaksei Protas and loses puck.
Goals for this period are 3 for Niagara IceDogs vs 2 for Erie Otters.
Shots for this period are 10 for Niagara IceDogs vs 22 for Erie Otters.
3rd period
0:01 of 3rd period - Vasili Ponomarev wins face-off versus Andy Andreoff in neutral zone.
0:06 of 3rd period - Wrist shot by Joachim Blichfeld.
0:06 of 3rd period - Stopped by Keith Kinkaid with a rebound.
0:20 of 3rd period - Wrist shot by Alex Newhook.
0:20 of 3rd period - Stopped by Michael Dipietro without a rebound.
0:21 of 3rd period - Arttu Ruotsalainen wins face-off versus Andy Andreoff in Niagara IceDogs zone.
0:26 of 3rd period - Slapshot by Andy Andreoff.
0:26 of 3rd period - Deflect By Paul Cotter.
0:26 of 3rd period - Shot Misses the Net.
0:26 of 3rd period - Puck is out of play.
0:27 of 3rd period - Arttu Ruotsalainen wins face-off versus Andy Andreoff in Niagara IceDogs zone.
0:40 of 3rd period - Snap shot by Jonatan Berggren.
0:40 of 3rd period - Goal by Jonatan Berggren - Niagara IceDogs : 7 - Erie Otters : 4.
0:41 of 3rd period - Arttu Ruotsalainen wins face-off versus Andy Andreoff in neutral zone.
1:18 of 3rd period - Wrist shot by Joachim Blichfeld.
1:18 of 3rd period - Shot Misses the Net.
2:15 of 3rd period - Michael Eyssimont is hit by Jonatan Berggren and loses puck.
2:30 of 3rd period - Slapshot by Vasili Ponomarev.
2:30 of 3rd period - Stopped by Keith Kinkaid with a rebound.
2:32 of 3rd period - Slapshot by Vasili Ponomarev.
2:32 of 3rd period - Shot Blocked by Alex Biega.
2:34 of 3rd period - Wrist shot by Anthony Angello.
2:34 of 3rd period - Stopped by Keith Kinkaid with a rebound.
2:36 of 3rd period - Snap shot by Vasili Ponomarev.
2:36 of 3rd period - Shot Blocked by Alex Biega.
2:38 of 3rd period - Slapshot by Conor Timmins.
2:38 of 3rd period - Stopped by Keith Kinkaid without a rebound.
2:39 of 3rd period - Aaron Luchuk wins face-off versus Jayden Halbgewachs in Erie Otters zone.
2:39 of 3rd period - Chase Pearson beats up Aaron Luchuk.
2:39 of 3rd period - Penalty to Aaron Luchuk for Fighting.
2:39 of 3rd period - Penalty to Chase Pearson for Fighting.
2:40 of 3rd period - Alex-Olivier Voyer wins face-off versus Arttu Ruotsalainen in Erie Otters zone.
2:48 of 3rd period - Off-side.
2:49 of 3rd period - Arttu Ruotsalainen wins face-off versus Alex-Olivier Voyer in neutral zone.
3:28 of 3rd period - Slapshot by Ty Ronning.
3:28 of 3rd period - Shot Misses the Net.
3:30 of 3rd period - Slapshot by Ty Ronning.
3:30 of 3rd period - Shot Misses the Net.
3:40 of 3rd period - John Ludvig is hit by Alex Gallant and loses puck.
3:55 of 3rd period - Snap shot by Ty Ronning.
3:55 of 3rd period - Stopped by Michael Dipietro with a rebound.
3:57 of 3rd period - Slapshot by Alex Petrovic.
3:57 of 3rd period - Shot Misses the Net.
3:59 of 3rd period - Slapshot by Alex Petrovic.
3:59 of 3rd period - Deflect By Alex Gallant.
3:59 of 3rd period - Erie Otters goal is going for a video replay.
3:59 of 3rd period - The goal is good.
3:59 of 3rd period - Goal by Alex Gallant - Niagara IceDogs : 7 - Erie Otters : 5.
4:00 of 3rd period - Vasili Ponomarev wins face-off versus Alex Newhook in neutral zone.
4:26 of 3rd period - Slapshot by Michael Eyssimont.
4:26 of 3rd period - Stopped by Michael Dipietro with a rebound.
4:28 of 3rd period - Slapshot by Alex Biega.
4:28 of 3rd period - Deflect By Conor Timmins.
4:28 of 3rd period - Stopped by Michael Dipietro with a rebound.
4:30 of 3rd period - Slapshot by Alex Biega.
4:30 of 3rd period - Stopped by Michael Dipietro with a rebound.
4:32 of 3rd period - Slapshot by Alex Biega.
4:32 of 3rd period - Stopped by Michael Dipietro with a rebound.
4:34 of 3rd period - Snap shot by Sampo Ranta.
4:34 of 3rd period - Shot Misses the Net.
4:36 of 3rd period - Wrist shot by Michael Eyssimont.
4:36 of 3rd period - Stopped by Michael Dipietro with a rebound.
4:45 of 3rd period - Conor Timmins is hit by Alex Biega and loses puck.
4:51 of 3rd period - Minor Penalty to Alex-Olivier Voyer for Holding.
4:52 of 3rd period - Arttu Ruotsalainen wins face-off versus Alex Newhook in Erie Otters zone.
6:51 of 3rd period - Penalty to Alex-Olivier Voyer is over, Alex-Olivier Voyer is back on ice.
7:02 of 3rd period - Wrist shot by Nicholas Robertson.
7:02 of 3rd period - Shot Blocked by Alex Petrovic.
7:04 of 3rd period - Slapshot by Johannes Kinnvall.
7:04 of 3rd period - Stopped by Keith Kinkaid without a rebound.
7:05 of 3rd period - James Hamblin wins face-off versus Alex-Olivier Voyer in Erie Otters zone.
7:05 of 3rd period - Kevin Davis beats up Jayden Halbgewachs.
7:05 of 3rd period - Penalty to Kevin Davis for Fighting.
7:05 of 3rd period - Penalty to Jayden Halbgewachs for Fighting.
7:06 of 3rd period - Alex-Olivier Voyer wins face-off versus Vasili Ponomarev in Erie Otters zone.
7:31 of 3rd period - Paul Cotter is hit by Johannes Kinnvall.
7:53 of 3rd period - Wrist shot by Michael Eyssimont.
7:53 of 3rd period - Stopped by Michael Dipietro with a rebound.
7:55 of 3rd period - Slapshot by Alec McCrea.
7:55 of 3rd period - Shot Blocked by Filip Kral.
7:57 of 3rd period - Snap shot by Michael Eyssimont.
7:57 of 3rd period - Shot Misses the Net.
8:05 of 3rd period - Slapshot by Arttu Ruotsalainen.
8:05 of 3rd period - Stopped by Keith Kinkaid with a rebound.
8:07 of 3rd period - Snap shot by Filip Kral.
8:07 of 3rd period - Stopped by Keith Kinkaid with a rebound.
8:09 of 3rd period - Wrist shot by Arttu Ruotsalainen.
8:09 of 3rd period - Stopped by Keith Kinkaid with a rebound.
8:11 of 3rd period - Snap shot by Arttu Ruotsalainen.
8:11 of 3rd period - Goal by Arttu Ruotsalainen - Niagara IceDogs : 8 - Erie Otters : 5.
8:12 of 3rd period - Vasili Ponomarev wins face-off versus Alex Newhook in neutral zone.
8:19 of 3rd period - Snap shot by Vasili Ponomarev.
8:19 of 3rd period - Shot Blocked by Alex Newhook.
8:37 of 3rd period - Aliaksei Protas is hit by Michael Eyssimont and loses puck.
8:41 of 3rd period - Icing by Conor Timmins.
8:42 of 3rd period - Andy Andreoff wins face-off versus Arttu Ruotsalainen in Niagara IceDogs zone.
8:44 of 3rd period - John Ludvig beats up Andy Andreoff.
8:44 of 3rd period - Penalty to Andy Andreoff for Fighting.
8:44 of 3rd period - Penalty to John Ludvig for Fighting.
8:44 of 3rd period - Penalty to Andy Andreoff for instigated a fight.
8:44 of 3rd period - Penalty to Andy Andreoff for instigated a fight.
8:45 of 3rd period - Vasili Ponomarev wins face-off versus Alex Newhook in Niagara IceDogs zone.
8:45 of 3rd period - Vasili Ponomarev is hit by Adam Clendening.
9:00 of 3rd period - Off-side.
9:01 of 3rd period - Aaron Luchuk wins face-off versus Arttu Ruotsalainen in neutral zone.
9:04 of 3rd period - Arttu Ruotsalainen is hit by Aaron Luchuk and loses puck.
9:13 of 3rd period - Wrist shot by Aliaksei Protas.
9:13 of 3rd period - Shot Blocked by Aaron Luchuk.
9:15 of 3rd period - Slapshot by Ian Mitchell.
9:15 of 3rd period - Deflect By Paul Cotter.
9:15 of 3rd period - Stopped by Keith Kinkaid with a rebound.
9:17 of 3rd period - Slapshot by Conor Timmins.
9:17 of 3rd period - Shot Blocked by Paul Cotter.
10:44 of 3rd period - Penalty to Andy Andreoff is over, Alex Newhook is send on ice.
11:02 of 3rd period - Alec McCrea is hit by Chase Pearson and loses puck.
11:48 of 3rd period - Icing by Ty Ronning.
11:49 of 3rd period - Arttu Ruotsalainen wins face-off versus Alex Newhook in Erie Otters zone.
12:00 of 3rd period - Joachim Blichfeld is hit by Paul Cotter and loses puck.
12:15 of 3rd period - Snap shot by Nicholas Robertson.
12:15 of 3rd period - Shot Misses the Net.
12:17 of 3rd period - Snap shot by Ian Mitchell.
12:17 of 3rd period - Shot Misses the Net.
12:19 of 3rd period - Wrist shot by Tim Soderlund.
12:19 of 3rd period - Stopped by Keith Kinkaid without a rebound.
12:20 of 3rd period - James Hamblin wins face-off versus Ty Ronning in Erie Otters zone.
12:51 of 3rd period - Snap shot by Paul Cotter.
12:51 of 3rd period - Shot Misses the Net.
12:55 of 3rd period - Slapshot by Trent Frederic.
12:55 of 3rd period - Stopped by Michael Dipietro with a rebound.
13:05 of 3rd period - Snap shot by Alex-Olivier Voyer.
13:05 of 3rd period - Shot Misses the Net.
13:13 of 3rd period - Slapshot by Adam Clendening.
13:13 of 3rd period - Stopped by Michael Dipietro with a rebound.
14:20 of 3rd period - Snap shot by Sampo Ranta.
14:20 of 3rd period - Deflect By Michael Eyssimont.
14:20 of 3rd period - Stopped by Michael Dipietro without a rebound.
14:21 of 3rd period - Arttu Ruotsalainen wins face-off versus Aaron Luchuk in Niagara IceDogs zone.
14:21 of 3rd period - Arttu Ruotsalainen is hit by Sampo Ranta.
15:07 of 3rd period - Slapshot by Ian Mitchell.
15:07 of 3rd period - Shot Misses the Net.
16:13 of 3rd period - Slapshot by Vasili Ponomarev.
16:13 of 3rd period - Shot Misses the Net.
16:15 of 3rd period - Snap shot by Ian Mitchell.
16:15 of 3rd period - Stopped by Keith Kinkaid without a rebound.
16:16 of 3rd period - Aaron Luchuk wins face-off versus Arttu Ruotsalainen in Erie Otters zone.
16:25 of 3rd period - Snap shot by Ty Ronning.
16:25 of 3rd period - Stopped by Michael Dipietro with a rebound.
16:27 of 3rd period - Slapshot by Alex Biega.
16:27 of 3rd period - Stopped by Michael Dipietro with a rebound.
16:29 of 3rd period - Snap shot by Ty Ronning.
16:29 of 3rd period - Shot Misses the Net.
16:31 of 3rd period - Snap shot by Alex Gallant.
16:31 of 3rd period - Goal by Alex Gallant - Niagara IceDogs : 8 - Erie Otters : 6.
16:32 of 3rd period - Chase Pearson wins face-off versus Aaron Luchuk in neutral zone.
16:39 of 3rd period - Wrist shot by Jayden Halbgewachs.
16:39 of 3rd period - Shot Blocked by Aaron Ness.
16:45 of 3rd period - Snap shot by Alex Petrovic.
16:45 of 3rd period - Shot Misses the Net.
16:47 of 3rd period - Snap shot by Aaron Luchuk.
16:47 of 3rd period - Stopped by Michael Dipietro with a rebound.
17:32 of 3rd period - Johannes Kinnvall is hit by Adam Brubacher and loses puck.
17:47 of 3rd period - Wrist shot by Aliaksei Protas.
17:47 of 3rd period - Stopped by Keith Kinkaid with a rebound.
17:49 of 3rd period - Snap shot by Arttu Ruotsalainen.
17:49 of 3rd period - Goal by Arttu Ruotsalainen - Niagara IceDogs : 9 - Erie Otters : 6.
17:50 of 3rd period - Vasili Ponomarev wins face-off versus Alex Newhook in neutral zone.
18:01 of 3rd period - Wrist shot by Vasili Ponomarev.
18:01 of 3rd period - Shot Blocked by Aaron Ness.
18:03 of 3rd period - Slapshot by Vasili Ponomarev.
18:03 of 3rd period - Stopped by Keith Kinkaid with a rebound.
18:05 of 3rd period - Backhand shot by Ian Mitchell.
18:05 of 3rd period - Shot Misses the Net.
18:59 of 3rd period - Slapshot by Joachim Blichfeld.
18:59 of 3rd period - Deflect By Anthony Angello.
18:59 of 3rd period - Shot Misses the Net.
18:59 of 3rd period - Puck is out of play.
19:00 of 3rd period - Vasili Ponomarev wins face-off versus Trent Frederic in Erie Otters zone.
19:03 of 3rd period - Backhand shot by Joachim Blichfeld.
19:03 of 3rd period - Shot Misses the Net.
19:05 of 3rd period - Wrist shot by Vasili Ponomarev.
19:05 of 3rd period - Shot Blocked by Alec McCrea.
19:25 of 3rd period - John Ludvig is hit by Sampo Ranta.
19:31 of 3rd period - Wrist shot by Jonatan Berggren.
19:31 of 3rd period - Stopped by Keith Kinkaid with a rebound.
19:40 of 3rd period - Minor Penalty to Jonatan Berggren for Interference.
19:41 of 3rd period - James Hamblin wins face-off versus Alex Newhook in Niagara IceDogs zone.
Goals for this period are 3 for Niagara IceDogs vs 2 for Erie Otters.
Shots for this period are 17 for Niagara IceDogs vs 16 for Erie Otters.
Back to the Top